 Dungeon Crawl Stone Soup version 0.16-a0-3280-g3a29b53 (webtiles) character file.

314 Ololoev the Charlatan (level 6, -8/38 HPs)
             Began as a High Elf Artificer on Dec 24, 2014.
             Was an Initiate of Okawaru.
             Killed themself with a bounced bolt of lightning (19 damage)
             ... on level 4 of the Dungeon.
             The game lasted 00:09:04 (3543 turns).

Ololoev the Charlatan (High Elf Artificer)          Turns: 3543, Time: 00:09:04

Health: -8/38      AC:  8    Str: 12    XL:     6   Next: 19%
Magic:  15/15      EV:  9    Int: 17    God:    Okawaru [......]
Gold:   177        SH:  0    Dex: 15    Spells: 0 memorised, 5 levels left

rFire  . . .     SeeInvis .     B - +0 long sword
rCold  . . .     Clarity  .     w - +0 scale mail
rNeg   . . .     SustAb   .     (no shield)
rPois  .         Gourm    .     (no helmet)
rElec  .         Spirit   .     q - +0 cloak
rCorr  .         Warding  .     e - +0 pair of gloves
rMut   .         Stasis   .     (no boots)
MR     .....                    (no amulet)
Stlth  ..........               (no ring)
                                (no ring)

@: very slightly contaminated, invisible (expiring), not resistant to hostile
enchantments, extremely unstealthy
A: no striking features
a: Renounce Religion


You were on level 4 of the Dungeon.
You worshipped Okawaru.
Okawaru was noncommittal.
You were hungry.

You visited 2 branches of the dungeon, and saw 5 of its levels.

You collected 177 gold pieces.

Notes
Turn   | Place    | Note
--------------------------------------------------------------
     0 | D:1      | Ololoev, the High Elf Artificer, began the quest for the Orb.
     0 | D:1      | Reached XP level 1. HP: 13/13 MP: 2/2
   114 | D:1      | Reached XP level 2. HP: 8/18 MP: 4/4
   152 | D:1      | Reached skill level 1 in Armour
   565 | D:1      | Reached XP level 3. HP: 21/23 MP: 6/6
   701 | D:2      | Noticed Crazy Yiuf
   702 | D:2      | Killed Crazy Yiuf
   702 | D:2      | Reached skill level 4 in Evocations
  1123 | D:2      | Reached XP level 4. HP: 28/28 MP: 9/9
  2071 | D:3      | Found a sparkling altar of Nemelex Xobeh.
  2240 | D:3      | Found a sparkling altar of Nemelex Xobeh.
  2896 | D:4      | Found a staircase to the Ecumenical Temple.
  2905 | Temple   | Entered the Ecumenical Temple
  2970 | Temple   | Became a worshipper of Warmaster Okawaru
  2998 | D:4      | Reached XP level 5. HP: 14/33 MP: 12/12
  3130 | D:4      | Reached skill level 1 in Long Blades
  3162 | D:4      | Reached skill level 5 in Evocations
  3376 | D:4      | Noticed an ogre
  3378 | D:4      | Killed an ogre
  3378 | D:4      | Reached XP level 6. HP: 38/38 MP: 15/15
  3524 | D:4      | Noticed Sigmund
  3543 | D:4      | Killed themself with a bounced bolt of lightning

Inventory:

Hand weapons
 B - a +0 long sword (weapon)
Armour
 e - a +0 pair of gloves (worn)
 q - a +0 cloak (worn)
 w - a +0 scale mail (worn)
Magical devices
 b - a wand of flame (3)
 c - a wand of enslavement (14)
 d - a wand of random effects (12)
Scrolls
 h - a scroll of enchant armour {unknown}
 i - a scroll of fear {unknown}
 j - 7 scrolls of identify {unknown}
 m - 5 scrolls of remove curse {unknown}
 s - 2 scrolls of enchant weapon {unknown}
 x - a scroll of blinking {unknown}
 y - a scroll of noise {unknown}
 C - a scroll of amnesia {unknown}
Potions
 k - a potion of degeneration {unknown}
 l - 2 potions of curing
 n - a potion of restore abilities {unknown}
 o - 2 potions of lignification {unknown}
 p - a potion of poison {unknown}
 t - a potion of agility {unknown}
 z - a potion of flight {unknown}
 A - a potion of might {unknown}
Miscellaneous
 u - a plain deck of defence {drawn: 3}
Comestibles
 f - 3 bread rations
 g - a slice of pizza
 r - 3 fruits
 v - a beef jerky

Table legend:
 A = Turns spent in this place as a percentage of turns spent in the entire game.
 B = Non-inter-level travel turns spent in this place as a percentage of non-inter-level travel turns spent in the entire game.
 C = Inter-level travel turns spent in this place as a percentage of turns spent in this place.
 D = Turns resting spent in this place as a percentage of non-inter-level travel turns spent in this place.
 E = Turns spent auto-exploring this place as a percentage of non-inter-level travel turns spent in this place.
 F = Non-inter-level travel turns spent in this place divided by the number of levels of this place that you've seen.
                   A       B       C       D       E      F
               +-------+-------+-------+-------+-------+----------------------
         Total | 100.0 | 100.0 |   0.6 |   3.7 |   9.5 | 175.2
       Dungeon |  95.9 |  96.0 |   0.5 |   3.8 |   9.6 | 210.2
        Temple |   4.1 |   4.0 |   2.8 |   0.0 |   5.7 |  35.0
               +-------+-------+-------+-------+-------+----------------------


   Skills:
 - Level 1.0 Fighting
   Level 2.8(3.5) Short Blades
 * Level 3.1(3.6) Long Blades
 + Level 2.5 Armour
 - Level 2.1 Dodging
 - Level 1.1 Stealth
 + Level 5.3 Evocations


You had 5 spell levels left.
You didn't know any spells.

Dungeon Overview and Level Annotations

Branches:
Dungeon (4/15)             Temple (1/1) D:4

Altars:
Ashenzari
Dithmenos
Fedhas
Kikubaaqudgha
Makhleb
Nemelex Xobeh
Okawaru
Qazlal
Sif Muna
Trog
Xom
The Shining One

Annotations:
D:4 Sigmund


Message History

You feel the strange sensation of being on two planes at once.
Sigmund hits you from afar with a scythe!
The giant newt bites you but does no damage.
Evoke which item? (* to show all) (? for menu, Esc to quit)
You draw a card...
It is the Potion.
You fade into invisibility!
The giant newt misses you.
You are very lightly contaminated with residual magic.
You miss the giant newt.
You momentarily phase out as the giant newt's attack passes through you.
You hit the giant newt.
You kill the giant newt!
You feel closer to the material plane.
Sigmund casts a spell at the kobold.
The kobold appears confused.
You hit the kobold but do no damage.
You are feeling hungry.
Sigmund casts a spell at you.
You momentarily phase out as the puff of flame passes through you.
The puff of flame hits the kobold.
The kobold dies!
You see here a giant newt corpse.
You feel less stealthy.
Sigmund points at something and mumbles some strange words.
You momentarily phase out as Sigmund's attack passes through you.
You closely miss Sigmund.
You are firmly grounded in the material plane once more.
Sigmund zaps a wand.
The magic dart hits you!
It is a wand of magic darts.
You hit Sigmund but do no damage.
You flicker for a moment.
Sigmund hits you with a scythe!
Evoke which item? (* to show all) (? for menu, Esc to quit)
Zapping:
d - a wand of random effects (12)
Press: ? - help, Shift-Dir - straight line, f - Sigmund
Aim: Sigmund, wielding a scythe, wearing a robe and carrying a wand of magic darts {zapped: 1} You hear a mighty clap of thunder!
The bolt of lightning misses Sigmund. x2
The bolt of lightning hits you!
Ouch! That really hurt!
You die...

.)................)# ####.
.#)......##..###...#
.#.###.............#
.#......#...#......#
######...#.#...)#.)# #
##....>........# ..#
#.....#.#.....†#######...#
#....#...#......##.......$.
#............@.............
#.......#....@..##.........
#.....#####...########...#
# ##### #...# ..# # #.### #
# #.# # #######.# ####
#.......# ...# #.#######


You could see Sigmund.

Table legend:
 A = Kills in this place as a percentage of kills in entire the game.
 B = Kills by you in this place as a percentage of kills by you in the entire game.
 C = Kills by friends in this place as a percentage of kills by friends in the entire game.
 D = Other kills in this place as a percentage of other kills in the entire game.
 E = Experience gained in this place as a percentage of experience gained in the entire game.
 F = Experience gained in this place divided by the number of levels of this place that you have seen.
                   A       B       C       D       E      F
               +-------+-------+-------+-------+-------+----------------------
         Total | 100.0 | 100.0 |  -nan |  -nan | 100.0 |  89.8
       Dungeon | 100.0 | 100.0 |  -nan |  -nan | 100.0 | 112.2
               +-------+-------+-------+-------+-------+----------------------

Vanquished Creatures
  An ogre (D:4)
  Crazy Yiuf (D:2)
  2 orc priests
  2 hounds (D:4)
  An adder (D:2)
  A giant mite (D:1)
  An adder skeleton (D:4)
  5 giant geckos
  An ooze (D:3)
  9 orcs
  A ball python (D:1)
  2 giant cockroaches
  6 goblins
  4 hobgoblins
  3 jackals (D:2)
  4 bats
  3 giant newts
  5 kobolds
  10 rats
62 creatures vanquished.

Vanquished Creatures (others)
  A kobold (D:4)
1 creature vanquished.

Grand Total: 63 creatures vanquished

Action                   |  1- 3 |  4- 6 || total
-------------------------+-------+-------++-------
Melee: Short sword       |    85 |   130 ||   215
       Long sword        |       |    33 ||    33
Evoke: Wand              |     3 |    13 ||    16
       Deck              |       |     3 ||     3
  Use: Potion            |     1 |       ||     1
 Stab: Sleeping          |     3 |       ||     3
  Eat: Chunk             |     1 |     7 ||     8

Vault maps used:
D:1:      dpeg_arrival_snail
D:2:      first_bread, uniq_crazy_yiuf_cottage
D:3:      nemelex_deck, nemelex_dance_club_becter
D:4:      minmay_temple_entry_crystal_x, nicolae_qazlal_eye_of_the_storm,
          uniq_sigmund, uniq_eustachio, uniq_edmund, uniq_prince_ribbit1
Temple:   triangle_lava_temple_11
